[Event "3rd Avagyan Memorial 2022"]
[Site "Jermuk"]
[Date "2022.06.22"]
[Round "3.4"]
[White "Nguyen, Thai Dai Van"]
[Black "Petrosyan, Manuel"]
[Result "1/2-1/2"]
[ECO "E05"]
[WhiteElo "2612"]
[BlackElo "2638"]
[Annotator "TA"]
[PlyCount "106"]
[EventDate "2022.06.20"]
[EventType "tourn"]
[EventCountry "ARM"]
[SourceTitle "playchess.com"]
[Source "ChessBase"]
[SourceQuality "1"]
[TimeControl "40/5400+30:1800+30"]

1. c4 {[%emt 0:00:22] Krasenkow,Michal} Nf6 2. Nf3 e6 3. g3 d5 4. Bg2 Be7 5. d4 O-O 6. O-O dxc4 7. Qc2 a6 8. a4 Bd7 9. Qxc4 Bc6 10. Bf4 Bd6 {[%emt 0:01:34] E05: Open Catalan: 5 Nf3 Be7.} 11. Nc3 Bxf4 12. gxf4 a5 {[%emt 0:00:14] The position is equal.} 13. Ne5 Bxg2 14. Kxg2 {[%emt 0:00:08] [#]} Nc6 $146 ({Predecessor:} 14... c6 15. e3 Na6 16. Kh1 Nd5 17. Rg1 f6 18. Nd3 Rf7 19. Ne4 Kh8 20. Rg3 Re7 {1-0 (48) Fedoseev,V (2687)-Salgado Lopez,I (2599) Tornelo INT 2021 CBM 202 Extra [Krasenkow,Michal]}) 15. Rad1 Nd5 16. Nxd5 exd5 17. Nxc6 Qd6 {[%emt 0:01:33] [#]} 18. Qc2 {[%emt 0:00:19] And now Ne5 would win.} bxc6 19. e3 Rfb8 20. h3 Rb4 21. Rc1 Ra6 (21... Rc4 $5 22. Qb3 Rb4 $11) 22. Qf5 Qg6+ 23. Qxg6 hxg6 $11 {[%emt 0:00:03][%mdl 4096] Endgame KRR-KRR} 24. Rc2 Rxa4 25. Rfc1 Rb6 $1 26. Rxc6 Rxb2 27. Rxc7 Raa2 28. Rf1 a4 29. Rc5 Re2 30. Kg3 a3 31. Ra5 Rec2 32. Ra8+ Kh7 33. Ra7 Kg8 34. Ra8+ Kh7 35. Kf3 f6 36. Kg3 Rd2 37. Ra7 $1 Rdc2 38. h4 Kg8 39. Kf3 Kf8 40. Kg2 Kg8 41. Kg3 f5 42. Ra5 Kf8 43. Ra8+ Ke7 44. Ra7+ Kf8 45. Kf3 Rd2 46. Kg2 Re2 47. Kg3 {[%emt 0:00:47] [#] Hoping for Rc1.} Rec2 {[%emt 0:00:15] Prevents Rc1.} 48. Ra8+ Ke7 49. Ra6 Kf7 50. Kf3 Rd2 51. Ra5 Ke7 52. Ra8 Ke6 53. Ra7 Kf6 $1 {[%emt 0:00:16] Weighted Error Value: White=0.03 (flawless) /Black=0.03 (flawless)} 1/2-1/2

[Event "3rd Avagyan Memorial 2022"]
[Site "Jermuk"]
[Date "2022.06.22"]
[Round "3.5"]
[White "Tabatabaei, M. Amin"]
[Black "Ter-Sahakyan, Samvel"]
[Result "1/2-1/2"]
[ECO "A20"]
[WhiteElo "2650"]
[BlackElo "2640"]
[Annotator "TA"]
[PlyCount "98"]
[EventDate "2022.06.20"]
[EventType "tourn"]
[EventCountry "ARM"]
[SourceTitle "playchess.com"]
[Source "ChessBase"]
[SourceQuality "1"]
[TimeControl "40/5400+30:1800+30"]

1. c4 e5 2. g3 c6 3. Nf3 e4 4. Nd4 d5 5. cxd5 Qxd5 6. Nc2 {[%emt 0:00:09] A20: English Opening: 1...e5.} Nf6 7. Nc3 Qe5 {[%emt 0:00:05] 7...Qe5 is better than 7...Qh5.} 8. Bg2 Na6 9. O-O (9. d4 {is interesting.} exd3 10. Qxd3 Nb4 11. Nxb4 Bxb4 12. a3) 9... Be7 10. Ne1 {[%emt 0:00:09] [#]} O-O $146 ({Predecessor:} 10... Nb4 11. f3 exf3 12. Nxf3 Qh5 13. d4 Nbd5 14. e4 Nxc3 15. bxc3 Nxe4 16. Re1 f5 {½-½ (44) Giri,A (2772)-Praggnanandhaa,R (2612) Wijk aan Zee 2022}) 11. d4 exd3 12. Nxd3 Qh5 13. e4 Bg4 14. f3 Be6 15. Nf4 Qc5+ 16. Rf2 Qb6 17. Na4 ({Of course not} 17. Nxe6 fxe6 18. Na4 Rad8 $17) 17... Qd8 18. Qe2 Qd4 19. Nxe6 fxe6 20. Nc3 Bc5 {[%emt 0:04:26][%cal Of6g4] [#] Strongly threatening ...Ng4!} 21. Nd1 $1 Ng4 22. fxg4 Rxf2 23. Nxf2 Rf8 24. Bf4 {[%emt 0:09:08] [#] aiming for Rd1.} e5 $1 25. Rd1 Qxf2+ 26. Qxf2 Bxf2+ 27. Kxf2 exf4 $14 {[%emt 0:00:19][%mdl 4096] Endgame KRB-KRN} 28. e5 fxg3+ 29. Kxg3 Re8 30. Bf1 {[%emt 0:03:07] Black must now prevent Bc4+.} Rxe5 31. Rd7 b5 {[%emt 0:00:05] Inhibits Bc4+. The position is equal.} 32. Rxa7 Nb4 33. b3 Re3+ 34. Kh4 h6 35. g5 Re4+ 36. Kh5 Re5 37. h4 Nd5 38. a4 hxg5 39. hxg5 Re1 40. Bh3 Nf4+ ({Much less strong is} 40... Rh1 41. Kg4 $14) 41. Kg4 Nxh3 42. Kxh3 $11 {[%emt 0:02:05] Threatens to win with g6. KR-KR} Re3+ 43. Kg4 {[%emt 0:00:06] Hoping for g6.} Rxb3 44. Kh5 bxa4 45. Kg6 {[%emt 0:00:57] Ra8+ would kill now.} Rb8 {[%emt 0:00:39] Against Ra8} 46. Rxg7+ Kh8 47. Ra7 Kg8 48. Rg7+ Kh8 {[%emt 0:00:04] ( -> ...Rg8)} 49. Ra7 Kg8 {[%emt 0:00:07] Weighted Error Value: White=0.02 (flawless) /Black=0.03 (flawless)} 1/2-1/2

[Event "3rd Avagyan Memorial 2022"]
[Site "Jermuk"]
[Date "2022.06.23"]
[Round "4.1"]
[White "Niemann, Hans Moke"]
[Black "Ter-Sahakyan, Samvel"]
[Result "0-1"]
[ECO "C42"]
[WhiteElo "2656"]
[BlackElo "2640"]
[Annotator "TA"]
[PlyCount "98"]
[EventDate "2022.06.20"]
[EventType "tourn"]
[EventCountry "ARM"]
[SourceTitle "playchess.com"]
[Source "ChessBase"]
[SourceQuality "1"]
[TimeControl "40/5400+30:1800+30"]

1. e4 e5 2. Nf3 Nf6 3. Nxe5 d6 4. Nd3 Nxe4 5. Qe2 Qe7 6. Nf4 {[%emt 0:00:10] C42: Petroff Defence: 3 Nxe5 and unusual White 3rd moves.} c6 {[%emt 0:04:16] Against Nd5} 7. f3 Nf6 8. d4 {[%emt 0:00:12] The position is equal.} h5 {[%emt 0:00:57] [#]} 9. Nc3 $146 ({Predecessor:} 9. g3 Bf5 10. c3 Nbd7 11. Qxe7+ Bxe7 12. Bd3 Bxd3 13. Nxd3 O-O-O 14. Kf2 Rde8 15. Nd2 {0-1 (60) Antolak,J (2306)-Kubicka,A (2235) Chorzow 2021}) 9... Qxe2+ 10. Bxe2 d5 11. Kf2 Bd6 12. Bd3 b6 13. Re1+ Kf8 14. Nce2 Ba6 (14... g5 15. Nh3 $16) 15. h4 Bxd3 16. Nxd3 Nbd7 17. Bf4 Be7 18. Rac1 Rc8 19. c4 dxc4 20. Rxc4 Nd5 21. Bg5 f6 22. Bd2 Kf7 23. Rec1 c5 24. R4c2 Rcd8 25. f4 Rhe8 26. Kf3 cxd4 27. b4 {[%emt 0:00:09] [#] Against Nc5} (27. Nxd4 $11 {was the only way to keep the balance.} Nc5 28. Nf2) 27... Bxb4 $1 $17 28. Nxb4 (28. Nxd4 Ba3) 28... Nxb4 {[%emt 0:00:10][%mdl 64] Remove Defender} (28... Nc5 29. Nc6 Rd7 30. Nexd4 $18) 29. Bxb4 {[%emt 0:00:05] Strongly threatening Rc7.} d3 $1 30. Rc7 {[%emt 0:00:05] aiming for Nd4.} dxe2 ({Weaker is} 30... Rxe2 31. Rd1 Rb2 32. Rxd3 Rxb4 33. Rdxd7+ Rxd7 34. Rxd7+ Kg6 35. Rxa7 $11) 31. Re1 a5 32. Ba3 b5 (32... Kg6 $142 {White must now prevent ...Nb8.} 33. Rxe2 Rxe2 34. Kxe2 Nf8) 33. Ra7 (33. Rxe2 $142 Rxe2 34. Kxe2) 33... Kg6 {[%emt 0:02:43] [#] Threatens to win with ...Nb6.} ({Stronger than} 33... b4 34. Bc1 $17) 34. Rxe2 Rxe2 35. Kxe2 {[%emt 0:00:08][%mdl 4096] Endgame KRB-KRN} Nb6 36. Bc1 (36. f5+ $17 Kxf5 37. Rxa5) 36... Rc8 $19 37. Kd1 (37. Be3 {was necessary.} Nc4 38. Bd4) 37... Nc4 38. Rd7 Rc5 {[%emt 0:00:47] Prevents Rd5.} 39. a3 Rc6 40. Rb7 Nd6 41. Rb8 Rc5 42. Bd2 Nf5 43. Bxa5 Ne3+ ({Don't blunder} 43... Nxh4 $2 44. g3 Rd5+ 45. Ke2 $19) 44. Ke2 Nxg2 45. Bd2 (45. Bb4 $142 Nxf4+ 46. Kf3) 45... Nxh4 {[%emt 0:00:48] Black is clearly winning.} 46. Rb7 (46. Bb4 $142 Rf5 47. Bd2) 46... Nf5 47. Bb4 Rd5 48. Kf3 h4 {[%emt 0:00:56] Hoping for ...h3.} 49. Rb8 Rd3+ {[%emt 0:00:40] Weighted Error Value: White=0.35/Black=0.06 (flawless)} 0-1

[Event "3rd Avagyan Memorial 2022"]
[Site "Jermuk"]
[Date "2022.06.23"]
[Round "4.2"]
[White "Petrosyan, Manuel"]
[Black "Tabatabaei, M. Amin"]
[Result "0-1"]
[ECO "D35"]
[WhiteElo "2638"]
[BlackElo "2650"]
[Annotator "TA"]
[PlyCount "94"]
[EventDate "2022.06.20"]
[EventType "tourn"]
[EventCountry "ARM"]
[SourceTitle "playchess.com"]
[Source "ChessBase"]
[SourceQuality "1"]
[TimeControl "40/5400+30:1800+30"]

1. d4 Nf6 2. c4 e6 3. Nf3 d5 4. Nc3 Nbd7 5. cxd5 exd5 6. Bf4 c6 7. Qc2 Nh5 8. Bd2 {[%emt 0:03:35] 8.Bd2 is better than 8.Bg5. D35: Queen's Gambit Declined: Exchange Variation.} Be7 9. g4 Nhf6 10. g5 {[%emt 0:00:06] The position is equal.} Nh5 11. h4 g6 12. e3 Nb6 13. Bd3 {[%emt 0:04:39] [#]} Nc4 $146 ({Predecessor:} 13... Ng7 14. Ne5 Nd7 15. O-O-O Nxe5 16. dxe5 Bg4 17. Rdg1 Qd7 18. f4 Bf5 19. Ne2 c5 {½-½ (36) Sokolov,I (2611)-Jussupow,A (2610) Germany 2000}) 14. Ne5 Nxd2 15. Qxd2 Qa5 16. O-O-O Be6 17. Kb1 O-O-O 18. f4 Ng3 19. Rhg1 Nf5 20. h5 Kb8 21. Ka1 Nd6 (21... Rhf8 $11) 22. Ne4 Qxd2 $15 23. Nxd2 {[%emt 0:00:05] Pair of Knights!} gxh5 24. Rh1 h6 25. g6 f6 26. Rxh5 Ne8 {[%emt 0:05:57] aiming for ...Ng7.} ({Resist} 26... fxe5 27. Rxe5 Bf6 28. Rxe6 $16) 27. Nef3 Bg4 $36 {[%emt 0:00:42][%mdl 2048] Black has some pressure.} 28. Rh2 Ng7 29. Rg1 h5 30. Nh4 Rde8 {[%emt 0:02:01] White is now going downhill.} 31. Kb1 Bd8 32. Nf1 {[%emt 0:01:03] [#]} (32. Re1 $142) 32... f5 $1 $17 33. Kc2 Rh6 34. a3 Bxh4 35. Rxh4 Rxg6 {[%emt 0:00:08][%cal Og4d1] And now ...Bd1+! would win.} 36. Kd2 {[%emt 0:00:01] Inhibits Bd1.} Rge6 37. b4 R8e7 38. Rh2 Kc7 39. Be2 Kb6 40. Bd3 a5 41. Kc3 Ne8 42. Rgg2 (42. a4 $142) 42... Nd6 43. Rb2 (43. a4 $142) 43... Rxe3 $19 44. bxa5+ Kxa5 {[%emt 0:00:25] Dancing on a razor blade.} 45. Nxe3 Rxe3 46. a4 {[%emt 0:04:46] [#]} Rf3 $1 47. Kd2 Rxf4 {[%emt 0:01:09] Weighted Error Value: White=0.17 (very precise) /Black=0.09 (flawless)} 0-1

[Event "3rd Avagyan Memorial 2022"]
[Site "Jermuk"]
[Date "2022.06.23"]
[Round "4.3"]
[White "Martirosyan, Haik M."]
[Black "Nguyen, Thai Dai Van"]
[Result "1/2-1/2"]
[ECO "D41"]
[WhiteElo "2652"]
[BlackElo "2612"]
[Annotator "TA"]
[PlyCount "48"]
[EventDate "2022.06.20"]
[EventType "tourn"]
[EventCountry "ARM"]
[SourceTitle "playchess.com"]
[Source "ChessBase"]
[SourceQuality "1"]
[TimeControl "40/5400+30:1800+30"]

1. d4 Nf6 2. c4 e6 3. Nf3 d5 4. Nc3 c5 5. cxd5 cxd4 6. Qxd4 exd5 7. e4 {[%emt 0:01:16] D41: Queen's Gambit Declined: Semi-Tarrasch with 5 cxd5.} dxe4 8. Qxd8+ Kxd8 9. Ng5 {[%emt 0:00:09][%csl LRe4,LRf7] White has an edge.} Be6 10. Nxe6+ fxe6 11. Bg5 Ke8 {[%emt 0:00:56] 11...Nc6 deserves study.} 12. Bc4 Kf7 $1 {[%emt 0:00:53] The position is equal.} 13. O-O {[%emt 0:09:01] [#]} Bb4 $146 ({Predecessor:} 13... Nbd7 14. Nb5 Rc8 15. Rfc1 Bc5 16. b4 a6 17. bxc5 axb5 18. Bxb5 Nxc5 19. Rc4 Nd3 20. Bxf6 Rxc4 21. Bxg7 Kxg7 22. Bxc4 {½-½ (35) Navara,D (2718)-Grachev,B (2673) Bol 2014}) 14. Bxf6 gxf6 15. Nxe4 Nc6 16. f4 Na5 17. Be2 f5 18. Ng5+ Kf6 19. Rfd1 h6 20. Nf3 Rhd8 {[%emt 0:00:16] Inhibits Rd7.} 21. Kf1 Rac8 22. Rxd8 Rxd8 23. Rc1 Nc6 24. g3 Bd2 {[%emt 0:02:25] Weighted Error Value: White=0.03 (flawless) /Black=0.01 (flawless)} 1/2-1/2

[Event "3rd Avagyan Memorial 2022"]
[Site "Jermuk"]
[Date "2022.06.23"]
[Round "4.4"]
[White "Sargsyan, Shant"]
[Black "Donchenko, Alexander"]
[Result "1-0"]
[ECO "B13"]
[WhiteElo "2641"]
[BlackElo "2599"]
[Annotator "TA"]
[PlyCount "79"]
[EventDate "2022.06.20"]
[EventType "tourn"]
[EventCountry "ARM"]
[SourceTitle "playchess.com"]
[Source "ChessBase"]
[SourceQuality "1"]
[TimeControl "40/5400+30:1800+30"]

1. e4 c6 2. d4 d5 3. exd5 cxd5 4. Bd3 Nf6 5. h3 Nc6 6. c3 e5 7. dxe5 Nxe5 8. Qe2 {[%emt 0:00:07] B13: Caro-Kann: Exchange Variation and Panov-Botvinnik Attack.} Ne4 {[%emt 0:07:34] ...Bc5 is the strong threat.} 9. Bb5+ Bd7 {[%emt 0:08:10] [#] Strongly threatening ...Bc5.} 10. Nf3 {[%emt 0:00:10] The position is equal.} Bxb5 11. Qxb5+ {[%emt 0:00:07] [#]} Qd7 $146 ({Predecessor:} 11... Nc6 12. Qxb7 Rc8 13. O-O Bc5 14. Qb5 O-O 15. Nbd2 Bb6 16. Nxe4 dxe4 17. Ng5 Qf6 18. Nxe4 {1-0 (34) Chigaev,M (2599)-Damjanovic,V (2031) Porto Carras 2018}) 12. Qxd7+ Nxd7 13. O-O Bc5 14. Bf4 O-O 15. Nbd2 Ndf6 16. Nb3 Bd6 17. Be3 a6 18. Rad1 Rac8 19. Rd3 Rfe8 20. g4 h6 21. Rfd1 (21. Nh4 {is interesting.} a5 22. Nf5 a4 23. Nbd4) 21... Bf8 22. Kf1 Nd6 23. Nbd4 b5 24. Nf5 Nxf5 25. gxf5 Bc5 26. Bf4 Bf8 27. Bg3 (27. Be5 $5 ) 27... Bc5 28. Bh4 Nh5 29. Rxd5 Nf4 30. Rd7 Nxh3 31. Rb7 Rb8 32. Rc7 Rec8 33. Rdd7 {[%emt 0:02:00] White is more active.} Rxc7 34. Rxc7 Bb6 35. Rc6 f6 $2 {[%emt 0:01:41][%mdl 8192] Prevents Ne5. A mistake that costs the game.} (35... Rb7 $16 {keeps fighting.}) 36. Bg3 $18 {[%emt 0:03:24] White is winning.} Rb7 {[%emt 0:00:02] [#]} 37. Nh4 $1 Kf7 38. Ng6 {[%emt 0:02:17] White threatens Rc8 and mate.} Ke8 39. f4 {[%emt 0:00:58] Inhibits Ng5.} b4 40. cxb4 {[%emt 0:04:09] Weighted Error Value: White=0.07 (flawless) /Black=0.26 (precise)} 1-0

[Event "3rd Avagyan Memorial 2022"]
[Site "Jermuk"]
[Date "2022.06.23"]
[Round "4.5"]
[White "Gharibyan, Mamikon"]
[Black "Nihal Sarin"]
[Result "1/2-1/2"]
[ECO "E15"]
[WhiteElo "2487"]
[BlackElo "2646"]
[Annotator "TA"]
[PlyCount "59"]
[EventDate "2022.06.20"]
[EventType "tourn"]
[EventCountry "ARM"]
[SourceTitle "playchess.com"]
[Source "ChessBase"]
[SourceQuality "1"]
[TimeControl "40/5400+30:1800+30"]

1. d4 Nf6 2. c4 e6 3. Nf3 b6 4. g3 Bb4+ 5. Bd2 Bxd2+ 6. Qxd2 Ba6 7. b3 c6 8. Bg2 d5 9. O-O {[%emt 0:00:32] E15: Queen's Indian: 4 g3 sidelines, 4 g3 Ba6 and 4 g3 Bb7 early deviations.} Nbd7 10. Rc1 O-O 11. a4 {[%emt 0:02:10][%cal Ba2a4,Ba4a5,Ba5a6][%mdl 32] White is slightly better.} Qe7 12. a5 Rfd8 {[%emt 0:24:39] [#]} 13. Qe1 $146 ({Predecessor:} 13. Qb2 c5 14. Nbd2 Bb7 15. cxd5 Bxd5 16. Nc4 h6 17. axb6 axb6 18. Rxa8 Rxa8 19. Nfe5 Bxg2 20. Kxg2 {½-½ (34) Gelfand,B (2738)-Grischuk,A (2763) Astana 2012}) 13... c5 14. Nc3 Bb7 15. a6 Bc6 16. cxd5 exd5 17. b4 Rac8 18. bxc5 bxc5 19. dxc5 Nxc5 {[%emt 0:07:47] [#] Threatens to win with ...d4.} 20. Nd4 Be8 21. Ncb5 Bxb5 22. Nxb5 Qd7 23. Nd4 Rc7 24. Qa5 Rdc8 25. Rab1 g6 26. h4 h5 (26... Nxa6 $11 27. Rxc7 Nxc7) 27. Qa1 {[%emt 0:01:48] White is more active.} (27. Rc2 $16) 27... Nxa6 {[%emt 0:09:05][%cal Bc5a6,Ba6c7,Bc7e6][%mdl 32] The position is equal.} 28. Rxc7 Nxc7 29. Qxa7 Ne6 30. Qxd7 {[%emt 0:09:22] Weighted Error Value: White=0.08 (flawless) /Black=0.11 (very precise)} 1/2-1/2

[Event "3rd Avagyan Memorial 2022"]
[Site "Jermuk"]
[Date "2022.06.24"]
[Round "5.1"]
[White "Nihal Sarin"]
[Black "Niemann, Hans Moke"]
[Result "1/2-1/2"]
[ECO "B13"]
[WhiteElo "2646"]
[BlackElo "2656"]
[Annotator "TA"]
[PlyCount "109"]
[EventDate "2022.06.20"]
[EventType "tourn"]
[EventCountry "ARM"]
[SourceTitle "playchess.com"]
[Source "ChessBase"]
[SourceQuality "1"]
[TimeControl "40/5400+30:1800+30"]

1. e4 c6 2. d4 d5 3. exd5 cxd5 4. Bd3 Nc6 5. c3 Nf6 6. h3 g6 7. Nf3 Qc7 {[%emt 0:02:39] Recently 7...Bf5 got a lot of attention.} 8. Qc2 {[%emt 0:02:44] B13: Caro-Kann: Exchange Variation and Panov-Botvinnik Attack.} Bg7 9. O-O O-O 10. Re1 {[%emt 0:00:03] White is slightly better.} Bd7 11. Bg5 {[%emt 0:07:00] [#]} Rae8 $146 ({Predecessor:} 11... e6 12. Nbd2 Rfc8 13. Qc1 Be8 14. Nf1 Na5 15. N1h2 Nc4 16. Bxf6 Bxf6 17. g4 b5 {1-0 (40) Koykka,P (2399)-Ronka,E (2270) Helsinki 2019}) 12. Na3 h6 13. Bxf6 Bxf6 14. Qd2 Kg7 15. Nc2 e6 16. Re2 Rb8 17. Rae1 b5 18. Ne3 h5 {[%emt 0:00:17] Prevents Ng4.} 19. g3 b4 20. Ng2 Qa5 21. Nf4 Qxa2 22. Bb1 (22. Qc2 $5 Ne7 23. Qc1 $15) 22... Qa6 23. Bd3 {[%emt 0:04:21] [#]} bxc3 $1 24. bxc3 (24. Qc2 Qb6) 24... Qa3 25. Bc2 {[%emt 0:02:37] Against Rb3} (25. g4 $11 hxg4 26. hxg4) 25... Qa6 ({Black should try} 25... Rb2 $17 26. Nd3 Rb5) 26. h4 {[%emt 0:03:58] Hoping for Ng5.} Rh8 {[%emt 0:01:57] [#]} 27. Nd3 (27. Bxg6 $1 $14 fxg6 28. Rxe6) 27... Qa5 28. Nc5 Bc8 29. Ng5 {[%emt 0:03:17] Pair of Knights!} Nd8 30. Bd3 (30. Qd3 $11) 30... Qc7 $15 31. Nf3 Nc6 32. Qa2 a5 33. Qa4 ({White must play} 33. Bc2) 33... Rd8 (33... Rb6 $142 $1 34. Qa2 Re8) 34. Bb5 $17 Rd6 35. Bxc6 Rxc6 36. Ne5 Rd6 37. Ra2 Ra8 38. Rb2 Rb6 39. Rxb6 Qxb6 40. Ned7 (40. Qe8 $17 {was worth a try.} Bxe5 41. Rxe5) 40... Bxd7 $19 41. Nxd7 Qc7 42. Nc5 Qc8 43. Rb1 e5 {[%emt 0:02:06] And now ...exd4 would win.} 44. Nd7 {[%emt 0:04:06] [#]} Ra6 ({But not} 44... Qxc3 $6 45. Nxf6 Kxf6 46. dxe5+ Kg7 47. e6 $11) (44... e4 $1 $17 {[%cal Re4e3] aiming for ...e3.} 45. Qb5 Ra6 46. Qxd5 Qxc3) 45. dxe5 $11 Be7 46. Qd4 a4 {[%emt 0:01:44] Threatens to win with ...a3.} 47. e6+ ({Much weaker is} 47. Qxd5 Qxc3 48. Nf6 Ra5 $17) 47... f6 $1 48. Qxd5 $2 {[%emt 0:00:08] [#]} (48. Rb8 $11 {and White is okay.} Qc6 49. Kg2) 48... Qxc3 $2 (48... a3 $1 $19 49. c4 Rd6) 49. Kg2 {[%emt 0:05:06] The position is equal.} Rd6 50. Qa8 Qc6+ 51. Qxc6 Rxc6 52. Rb7 a3 {[%emt 0:02:38] White must now prevent ...Kh6.} 53. Nc5 Kf8 54. Rb8+ $1 Kg7 55. Rb7 {[%emt 0:00:04] Weighted Error Value: White=0.19 (very precise) /Black=0.15 (very precise)} 1/2-1/2

[Event "3rd Avagyan Memorial 2022"]
[Site "Jermuk"]
[Date "2022.06.24"]
[Round "5.2"]
[White "Donchenko, Alexander"]
[Black "Gharibyan, Mamikon"]
[Result "1-0"]
[ECO "D32"]
[WhiteElo "2599"]
[BlackElo "2487"]
[Annotator "TA"]
[PlyCount "53"]
[EventDate "2022.06.20"]
[EventType "tourn"]
[EventCountry "ARM"]
[SourceTitle "playchess.com"]
[Source "ChessBase"]
[SourceQuality "1"]
[TimeControl "40/5400+30:1800+30"]

1. c4 e6 2. Nf3 Nf6 3. Nc3 d5 4. e3 c5 5. d4 a6 6. cxd5 exd5 7. Bd3 Nc6 8. O-O Be7 9. dxc5 Bxc5 10. b3 $5 {[%emt 0:00:37][%mdl 4] Exploring less charted territory. D32: Tarrasch Defence: Sidelines and lines without g3.} O-O 11. Bb2 Bg4 12. h3 {[%emt 0:05:18] The position is equal.} Bh5 13. Rc1 Ba7 {[%emt 0:01:05] [#]} 14. Ne2 $1 $146 {[%emt 0:01:51][%cal Od3a6][%mdl 8] An important novelty.} ({Predecessor:} 14. Be2 h6 15. Nd4 Nxd4 16. Bxh5 Nf5 17. Bf3 Nxe3 18. fxe3 Bxe3+ 19. Kh1 Bxc1 20. Bxc1 {½-½ (79) Niemann,H (2571)-Yoo,C (2479) Chess.com INT 2021}) 14... Bxf3 15. gxf3 d4 16. Rxc6 $1 bxc6 17. Nxd4 Bxd4 18. Bxd4 {[%emt 0:00:11] A strong pair of Bishops.} Qd5 19. f4 Rfd8 20. Kh2 c5 (20... Qd6 $11) 21. Bxf6 $16 gxf6 (21... Qxd3 $16 22. Bxd8 Qxd8) 22. Qg4+ $18 Kf8 23. Bc4 ({Less strong is} 23. Bxh7 Rac8 $14) 23... Qc6 24. Rg1 $40 {[%emt 0:03:45][%mdl 128] [#] White threatens Qg8+ and mate. White has strong attack.} Ke7 25. Qh5 Rd2 $2 (25... Rd7 $18 26. Bxf7 (26. Qxf7+ Kd8 $16) 26... Rf8) 26. Qxf7+ Kd6 27. Rg7 {[%emt 0:00:18] Weighted Error Value: White=0.03 (flawless) /Black=0.55} 1-0

[Event "3rd Avagyan Memorial 2022"]
[Site "Jermuk"]
[Date "2022.06.24"]
[Round "5.3"]
[White "Nguyen, Thai Dai Van"]
[Black "Sargsyan, Shant"]
[Result "1/2-1/2"]
[ECO "E11"]
[WhiteElo "2612"]
[BlackElo "2641"]
[Annotator "TA"]
[PlyCount "156"]
[EventDate "2022.06.20"]
[EventType "tourn"]
[EventCountry "ARM"]
[SourceTitle "playchess.com"]
[Source "ChessBase"]
[SourceQuality "1"]
[TimeControl "40/5400+30:1800+30"]

1. Nf3 d5 2. d4 Nf6 3. c4 e6 4. g3 Bb4+ 5. Bd2 Be7 6. Bg2 O-O 7. O-O Nbd7 8. b4 dxc4 (8... Ne4 $11 {was preferrable.}) 9. Qc1 a6 10. a4 Rb8 11. Qxc4 b5 12. axb5 Rxb5 (12... axb5 $11 13. Qb3 Bb7) 13. Na3 Rb8 14. Rfc1 Bd6 15. Qc2 Bxb4 16. Qxc7 (16. Nc4 $5 ) 16... Qxc7 17. Rxc7 a5 18. Nc4 Ba6 19. Bxb4 Rxb4 20. Nxa5 {[%emt 0:00:11] Threatens to win with Nc6.} Bxe2 21. Nc6 Rb2 22. Nfe5 Nxe5 23. dxe5 Ng4 24. h3 Nh6 25. g4 {[%emt 0:00:30] Inhibits Nf5.} Bd3 26. Rd1 (26. f4 {with more complications.} Kh8 27. Rd1 Ba6 28. Rd8) 26... Rb1 27. Rxb1 Bxb1 28. f4 Kh8 29. Ra7 Ng8 30. Kf2 h5 31. g5 $1 {[%emt 0:03:39] Prevents Nh6.} ({But not} 31. gxh5 Nh6 $16) 31... h4 (31... Bg6 $142 32. Ke3 Rc8) 32. Ke3 $18 Kh7 33. Nd4 Bg6 (33... Re8 $18 34. Bc6 (34. Rxf7 Ne7 $16) 34... Rf8) 34. Nf3 Re8 35. Nxh4 Ne7 36. Be4 ({White should play} 36. Ra8 $16 Rxa8 37. Bxa8) 36... Bxe4 $14 37. Kxe4 g6 {[%emt 0:00:17] Inhibits f5.} 38. Nf3 Kg8 39. Nd4 (39. Nd2 $14) 39... Nf5 $11 40. Nb5 Rd8 {[%emt 0:00:00] Prevents Nd6.} (40... Rb8 $11 41. Nd4 Rb4) 41. Nc7 Rd4+ 42. Kf3 {[%emt 0:00:02] And now Ra8+ would win.} Rd3+ 43. Ke2 Rd8 (43... Re3+ $1 $11 {keeps the balance.} 44. Kf2 Kf8) 44. Ra8 $16 Rxa8 45. Nxa8 Kf8 46. Nb6 $1 Nd4+ {[%emt 0:00:38] [#]} 47. Ke3 $1 Nf5+ 48. Kd3 Ke7 49. Nc4 Kd7 50. Ne3 {[%emt 0:00:55] White wants to mate with Nxf5.} Ng3 51. Ng4 Ke7 52. Nh6 Kf8 53. Ke3 Nh5 54. Kf3 Ng7 55. Ng4 Nf5 56. Ne3 {[%emt 0:00:06] Intending Nxf5 and mate.} Ng7 57. Nf1 Nf5 58. Ng3 {[%emt 0:00:06] Nxf5 would kill now.} Ne7 59. Ke4 Nc6 60. Kd3 Nb4+ 61. Kd4 Nd5 62. Ne2 Ne7 63. Ng3 Nd5 {[%emt 0:00:25] [#]} 64. Ke4 $1 Nc3+ 65. Kf3 Nd5 66. h4 Ne7 67. Kg4 Nd5 68. Kf3 Ne7 $1 69. Ke4 Nc6 70. Kd3 Nb4+ 71. Kd4 Nc2+ 72. Ke4 Nb4 73. h5 gxh5 74. Nxh5 Nc6 75. f5 (75. Nf6 $14) 75... exf5+ $11 76. Kxf5 Ne7+ 77. Ke4 Kg8 78. Ng3 Ng6 1/2-1/2